 Dungeon Sprint DCSS version 0.30-a0-862-g1aabd4f9c5 (webtiles) character file.

Game seed: 13175123052065350063

162665 rocky1 the Archmage (level 27, -6/231 HPs)
             Began as a Demonspawn Earth Elementalist on Mar 9, 2023.
             Was the Champion of Sif Muna.
             Mangled by an electric golem (8 damage)
             ... in the Dungeon (Sprint VI: "Thunderdome") on Mar 10, 2023.
             The game lasted 01:41:50 (6143 turns).

rocky1 the Archmage (Demonspawn Earth Elementalist) Turns: 6143, Time: 01:41:52

Health: -6/231     AC: 13    Str:  9    XL:     27
Magic:  0/54       EV: 21    Int: 38    God:    Sif Muna [******]
Gold:   8014       SH: 25    Dex: 13    Spells: 17/80 levels left

rFire   + . .      SeeInvis .    s - staff of earth
rCold   + + +      Faith    .    N - -1 kite shield of Cuter {+Inv rN+ rCorr}
rNeg    + . .      Spirit   +    F - +2 robe {rC+ rF+}
rPois   +          Reflect  +    K - +5 helmet "Leurghin" {Int+4}
rElec   +          Rampage  .    t - +1 cloak of Soykidin {Slay+5}
rCorr   +          NoTele   +    (gloves unavailable)
Will    ++++.                    v - +0 pair of boots "Baoqamue" {rCorr Str+2}
Stlth   +++                      o - amulet "Joph" {Reflect Fragile rElec rC+ SH+5}
HPRegen 0.58/turn                n - ring "Utuipn" {Wiz +Blink rPois rC- Int+5}
MPRegen 0.68/turn                l - ring "Teqiqum" {rPois rC+++ Will+ Str-4 Slay+5}

@: channelling
A: claws 3, large bone plates 3, spiny 3, augmentation 3, magic shield, magic
regeneration, magic link, camouflage 1, strong-willed 1
}: 8/15 runes: decaying, slimy, silver, golden, bone, fiery, gossamer, mossy
a: Renounce Religion, Evoke Blink, Evoke Invisibility, Channel Magic, Forget
Spell, Divine Exegesis


You were in the Dungeon.
You worshipped Sif Muna.
Sif Muna was exalted by your worship.
You visited 1 branch You collected 31600 gold pieces.
You spent 23586 gold pieces at shops.

Inventory:

Hand Weapons
 B - the +6 sword of Cerebov {flame}
   (You took it off Cerebov in the Dungeon)
Armour
 q - the +0 tower shield of Lesser Demons {Drain rF++}
   (You bought it in a shop in the Dungeon)

   rF:        It greatly protects you from fire.
   Drain:     It drains your maximum health when unequipped.
 t - the +1 cloak of Soykidin (worn) {Slay+5}
   (You bought it in a shop in the Dungeon)

   Slay:      It affects your accuracy & damage with ranged weapons and melee
   (+5).
 u - the +1 hat of Huriega {Rampage rPois Regen+}
   (You bought it in a shop in the Dungeon)

   rPois:     It protects you from poison.
   Regen:     It increases your rate of health regeneration.
   Rampage:   It bestows one free step when moving towards enemies.
 v - the +0 pair of boots "Baoqamue" (worn) {rCorr Str+2}
   (You bought it in a shop in the Dungeon)

   Str:       It affects your strength (+2).
   rCorr:     It protects you from acid and corrosion.
 F - a +2 robe of resistance (worn)
 K - the +5 helmet "Leurghin" (worn) {Int+4}
   (You found it in the Dungeon)

   Int:       It affects your intelligence (+4).
 N - the -1 kite shield of Cuter (worn) {+Inv rN+ rCorr}
   (You bought it in a shop in the Dungeon)

   rN:        It protects you from negative energy.
   +Inv:      It lets you turn invisible.
   rCorr:     It protects you from acid and corrosion.
Magical Staves
 a - a staff of conjuration
 m - a staff of air
 s - a staff of earth (weapon)
 A - a staff of poison
 I - a staff of fire
Jewellery
 l - the ring "Teqiqum" (right claw) {rPois rC+++ Will+ Str-4 Slay+5}
   (You bought it in a shop in the Dungeon)

   [ring of willpower]

   Str:       It affects your strength (-4).
   Slay:      It affects your accuracy & damage with ranged weapons and melee
   (+5).
   rC:        It renders you almost immune to cold.
   rPois:     It protects you from poison.
   Will:      It increases your willpower.
 n - the ring "Utuipn" (left claw) {Wiz +Blink rPois rC- Int+5}
   (You bought it in a shop in the Dungeon)

   [ring of wizardry]

   It improves your spell success rate.
   Int:       It affects your intelligence (+5).
   rC:        It makes you vulnerable to cold.
   rPois:     It protects you from poison.
   +Blink:    It lets you blink.
 o - the amulet "Joph" (around neck) {Reflect Fragile rElec rC+ SH+5}
   (You bought it in a shop in the Dungeon)

   [amulet of reflection]

   It reflects blocked missile attacks.
   rC:        It protects you from cold.
   rElec:     It insulates you from electricity.
   Fragile:   It will be destroyed if unequipped.
   SH:        It affects your SH (+5).
 x - the ring "Zuraaff" {Fly Str+3 Int+3}
   (You bought it in a shop in the Dungeon)

   [ring of flight]

   Str:       It affects your strength (+3).
   Int:       It affects your intelligence (+3).
   Fly:       It grants you flight.
 z - the ring "Gunusa" {rC+ MP+9}
   (You bought it in a shop in the Dungeon)

   [ring of magical power]

   rC:        It protects you from cold.
   MP:        It affects your magic capacity (+9).
 C - the ring "Adyten" {MP+9 Str+2}
   (You bought it in a shop in the Dungeon)

   [ring of magical power]

   Str:       It affects your strength (+2).
   MP:        It affects your magic capacity (+9).
 D - the ring of Okawaru's Supremacy {Fire Slay+5}
   (You bought it in a shop in the Dungeon)

   [ring of fire]

   It enhances your fire magic.
   Slay:      It affects your accuracy & damage with ranged weapons and melee
   (+5).
   rF:        It protects you from fire.
   rC:        It makes you vulnerable to cold.
 E - the ring "Tel Hyrph" {rElec rF+ Str+3}
   (You bought it in a shop in the Dungeon)

   [ring of protection from fire]

   Str:       It affects your strength (+3).
   rF:        It protects you from fire.
   rElec:     It insulates you from electricity.
Wands
 i - a wand of acid (5)
 w - a wand of digging (8)
Scrolls
 e - 3 scrolls of blinking
 g - 2 scrolls of amnesia
 k - 6 scrolls of fog
Potions
 b - 21 potions of magic
 c - 23 potions of curing
 d - 19 potions of heal wounds
 f - a potion of berserk rage
 h - 11 potions of resistance
 j - 10 potions of brilliance
 p - 10 potions of mutation
 r - 25 potions of haste
 J - a potion of experience
Miscellaneous
 y - a quad damage
 G - a quad damage
 H - a quad damage


   Skills:
 - Level 22.0 Fighting
 + Level 10.3 Staves
 - Level 20.7 Dodging
 - Level 1.7 Stealth
 + Level 16.4 Shields
 O Level 27 Spellcasting
 - Level 22.3 Conjurations
 + Level 11.8 Summonings
 - Level 0.8 Transmutations
 - Level 24.5 Fire Magic
 + Level 12.9 Air Magic
 O Level 27 Earth Magic
 + Level 19.6 Invocations
 + Level 15.3 Evocations


You had 17 spell levels left.
You knew the following spells:

 Your Spells              Type           Power      Damage    Failure   Level
c - Iron Shot             Conj/Erth      75%        9d14      0%          6
d - Iskenderun's Mystic   Conj/Tloc      94%        2d18      1%          4
f - Ignition              Fire           63%        3d17      1%          8
g - Shatter               Erth           78%        3d57*     1%          9
h - Fire Storm            Conj/Fire      62%        8d16      1%          9
i - Lehudib's Crystal Sp  Conj/Erth      75%        10d17     1%          8
j - Blink                 Tloc           100%       N/A       1%          2
k - Dragon's Call         Summ           48%        N/A       85%         9
l - Maxwell's Capacitive  Air            49%        ∞         8%          8

Your spell library contained the following spells:

 Spells                   Type           Power      Damage    Failure   Level
 Foxfire                  Conj/Fire      100%       2x1d9     0%          1
 Kiss of Death            Conj/Necr      100%       2d13      0%          1
 Magic Dart               Conj           100%       1d8       0%          1
 Sandblast                Erth           100%       2d20      0%          1
 Shock                    Conj/Air       100%       1d9       0%          1
 Summon Small Mammal      Summ           100%       N/A       0%          1
 Call Imp                 Summ           96%        N/A       0%          2
 Momentum Strike          Conj/Tloc      100%       3d10      0%          2
 Passwall                 Tmut/Erth      100%       N/A       0%          2
 Scorch                   Fire           100%       2d10      0%          2
 Searing Ray              Conj           100%       2d8       0%          2
 Static Discharge         Conj/Air       100%       2-7/arc   0%          2
 Call Canine Familiar     Summ           96%        N/A       0%          3
 Dazzling Flash           Conj/Hex       100%       N/A       0%          3
 Hailstorm                Conj/Ice       94%        3d19      0%          3
 Inner Flame              Hex/Fire       97%        N/A       0%          3
 Kindle Blastsparks       Fire/Tloc/Air  100%       2d18      0%          3
 Mephitic Cloud           Conj/Pois/Air  96%        N/A       0%          3
 Stone Arrow              Conj/Erth      100%       3d13      0%          3
 Swiftness                Air            99%        N/A       0%          3
 Animate Armour           Summ/Erth      100%       N/A       0%          4
 Flame Wave               Conj/Fire      100%       2d21      0%          4
 Leda's Liquefaction      Hex/Erth       62%        N/A       0%          4
 Petrify                  Tmut/Erth      100%       N/A       0%          4
 Sticky Flame             Conj/Fire      100%       2d11      0%          4
 Arcjolt                  Conj/Air       55%        1d65      0%          5
 Fireball                 Conj/Fire      62%        3d24      0%          5
 Iskenderun's Battlesphe  Conj           100%       2d15      0%          5
 Lee's Rapid Deconstruct  Erth           78%        3d35*     0%          5
 Lightning Bolt           Conj/Air       55%        1d77      0%          5
 Starburst                Conj/Fire      62%        6d16      0%          6
 Apportation              Tloc           100%       N/A       1%          1
 Beastly Appendage        Tmut           100%       N/A       1%          1
 Freeze                   Ice            100%       1d10      1%          1
 Necrotise                Necr           100%       1d9       1%          1
 Slow                     Hex            100%       N/A       1%          1
 Sting                    Tmut/Pois      100%       1d8       1%          1
 Cigotuvi's Dreadful Rot  Necr/Pois/Air  100%       N/A       1%          2
 Ensorcelled Hibernation  Hex/Ice        100%       N/A       1%          2
 Lesser Beckoning         Tloc           100%       N/A       1%          2
 Poisonous Vapours        Pois/Air       100%       N/A       1%          2
 Sublimation of Blood     Necr           50%        N/A       1%          2
 Wereblood                Tmut           55%        N/A       1%          2
 Confusing Touch          Hex            50%        N/A       1%          3
 Frozen Ramparts          Ice            100%       1d16      1%          3
 Gell's Gravitas          Tloc           50%        N/A       1%          3
 Ignite Poison            Fire/Tmut/Pois 86%        N/A       1%          3
 Ozocubu's Armour         Ice            50%        N/A       1%          3
 Portal Projectile        Hex/Tloc       100%       N/A       1%          3
 Spider Form              Tmut/Pois      53%        N/A       1%          3
 Summon Guardian Golem    Hex/Summ       77%        N/A       1%          3
 Teleport Other           Tloc           50%        N/A       1%          3
 Tukima's Dance           Hex            50%        N/A       1%          3
 Vampiric Draining        Necr           50%        2d9       1%          3
 Vhi's Electric Charge    Tloc/Air       100%       N/A       1%          3
 Airstrike                Air            49%        2d(8-24)  1%          4
 Fulminant Prism          Conj/Hex       47%        3d20      1%          4
 Ice Form                 Ice/Tmut       53%        N/A       1%          4
 Summon Ice Beast         Ice/Summ       77%        N/A       1%          4
 Summon Lightning Spire   Summ/Air       98%        N/A       1%          4
 Borgnjor's Vile Clutch   Necr/Erth      62%        N/A       1%          5
 Freezing Cloud           Conj/Ice/Air   48%        6-21      1%          5
 Irradiate                Conj/Tmut      48%        3d27      1%          5
 Silence                  Hex/Air        39%        N/A       1%          5
 Summon Forest            Summ/Tloc      38%        N/A       1%          5
 Summon Mana Viper        Hex/Summ       77%        N/A       1%          5
 Conjure Ball Lightning   Conj/Air       55%        3x3d20    1%          6
 Statue Form              Tmut/Erth      83%        N/A       1%          6
 Summon Cactus Giant      Summ           48%        N/A       1%          6
 Monstrous Menagerie      Summ           48%        N/A       1%          7
 Orb of Destruction       Conj           61%        9d15      1%          7
 Spellforged Servitor     Conj/Summ      55%        N/A       1%          7
 Summon Hydra             Summ           48%        N/A       1%          7
 Anguish                  Hex/Necr       25%        N/A       2%          4
 Animate Dead             Necr           50%        N/A       2%          4
 Cause Fear               Hex            25%        N/A       2%          4
 Dispel Undead            Necr           50%        3d19      2%          4
 Manifold Assault         Tloc           50%        N/A       2%          4
 Olgreb's Toxic Radiance  Pois           50%        N/A       2%          4
 Passage of Golubria      Tloc           50%        N/A       2%          4
 Blade Hands              Tmut           27%        N/A       4%          5
 Alistair's Intoxication  Tmut/Pois      35%        N/A       5%          5
 Yara's Violent Unravell  Hex/Tmut       26%        3d11      5%          5
 Agony                    Necr           50%        N/A       6%          5
 Metabolic Englaciation   Hex/Ice        25%        N/A       6%          5
 Storm Form               Tmut/Air       40%        N/A       12%         7
 Summon Horrible Things   Summ           48%        N/A       12%         8
 Haunt                    Necr/Summ      38%        N/A       16%         7
 Malign Gateway           Summ/Tloc      38%        N/A       16%         7
 Chain Lightning          Conj/Air       55%        3d74      16%         9
 Eringya's Noxious Bog    Tmut/Pois      26%        N/A       28%         6
 Death Channel            Necr           25%        N/A       32%         6
 Dispersal                Tloc           25%        N/A       32%         6
 Simulacrum               Ice/Necr       25%        N/A       32%         6
 Dragon Form              Tmut           27%        N/A       77%         7
 Enfeeble                 Hex            25%        N/A       86%         7
 Ozocubu's Refrigeration  Ice            25%        4d13      86%         7
 Borgnjor's Revivificati  Necr           25%        N/A       100%        8
 Discord                  Hex            25%        N/A       100%        8
 Disjunction              Tloc           25%        N/A       100%        8
 Infestation              Necr           25%        N/A       100%        8
 Necromutation            Tmut/Necr      26%        N/A       100%        8
 Death's Door             Necr           25%        N/A       100%        9
 Polar Vortex             Ice            25%        N/A       100%        9


Dungeon Overview and Level Annotations

Branches:
Dungeon (1/1)

Altars:
Cheibriados
Dithmenos
Fedhas
Gozag
Kikubaaqudgha
Makhleb
Okawaru
Qazlal
Ru
Sif Muna
Trog
Uskayaw
Vehumet
Wu Jian
Xom
Yredelemnul
Lugonu

Shops:
D [??*?*:[((!!


Innate Abilities, Weirdness & Mutations

You have claws for hands.
You are completely covered in large bone plates. (SH +8)
You are completely covered in sharp spines.
Your magical and physical power is greatly enhanced at high health.
When hurt, damage is shared between your health and your magic reserves.
You regenerate magic rapidly.
When low on magic, you restore magic in place of health.
Your skin changes colour to match your surroundings (Stealth+).
You are strong-willed. (Will+)


Message History

* * * LOW HITPOINT WARNING * * *
The electric golem shocks you. You resist.
* * * LOW HITPOINT WARNING * * *
You block the electric golem's attack. The electric golem barely misses you.
You block the electric golem's attack. The electric golem closely misses you.
You block the electric golem's attack. The electric golem misses you.
The electric golem hits you!
* * * LOW HITPOINT WARNING * * *
Casting: Shatter (mildly dangerous; 1% risk of failure)
Confirm with . or Enter, or press ? or * to list all spells.
You feel a surge of power!
The dungeon rumbles!
You destroy the electric golem!
Sif Muna accepts your kill.
The electric golem is moderately damaged.
The spriggan air mage is lightly wounded.
The spriggan air mage is heavily wounded.
The electric golem is moderately damaged.
You kill the spriggan air mage!
Sif Muna accepts your kill.
The electric golem is severely damaged.
The electric golem is moderately damaged.
Ka-crash!
The electric golem hurls lightning at you.
The bolt of lightning misses you.
The bolt of lightning hits the electric golem.
The electric golem completely resists.
An electric golem comes into view.
You block the electric golem's attack. x2; The electric golem misses you.
The electric golem hits you.
* * * LOW HITPOINT WARNING * * *
The electric golem blinks!
You block the spriggan air mage's attack.
The spriggan air mage waves its arms in wide circles.
The air twists around and strikes you!
* * * LOW HITPOINT WARNING * * *
You block the electric golem's attack. The electric golem barely misses you.
The electric golem misses you. x2; You block the electric golem's attack.
The electric golem hits you!
You die...

▓▓#.....# ▓.#.....##
▓..∩.....∩##▓ ▓.∩)......∩.▓
▓._...)).._.▓
▓▓._...9.)(..▓
▓▓.§_..).(.._.▓▓▓
▓§§9...)))..[[[.▓
▓▓▓▓▓▓§@i§.....))[[)[▓▓▓
▓....§99i§§[(.....[)....
##"__§§§9§.[.9.....[[___
#.#=...§§§§§§..:.)..)[).[.
##.....§§..........)[[.[[[(
#⌠.....§.[.)..9.[....(.[D..
#)..........).†.0...9.[..[.
#⌠......))..[.99[9[[....9..
##....[)..[[.......()....(.


You could see 5 electric golems and 2 spriggan air magi.

Vanquished Creatures
  Dissolution (D)
  Cerebov (D)
  Khufu (D)
  Ereshkigal (D)
  2 ancient liches (D)
  Tiamat (D)
  An orb of fire (D)
  Agnes (D)
  the Lernaean hydra (D)
  Margery (D)
  A Killer Klown (D)
  Arachne (D)
  A golden dragon (D)
  3 Tzitzimimeh (D)
  8 electric golems (D)
  4 Ice Fiends (D)
  4 Brimstone Fiends (D)
  3 Hell Sentinels (D)
  5 liches (D)
  7 titans (D)
  13 Orb Guardians (D)
  2 ancient champions (D)
  An Executioner (D)
  Chuck (D)
  A shadow dragon (D)
  3 ghost moths (D)
  3 frost giants (D)
  6 fire giants (D)
  4 ghouls (D)
  A balrug (D)
  Louise (D)
  5 quicksilver oozes (D)
  6 orc warlords (D)
  3 spriggan defenders (D)
  A vampire knight (D)
  14 stone giants (D)
  6 ophanim (D)
  14 lorocyprocas (D)
  A putrid mouth (D)
  A jiangshi (D)
  8 fire dragons (D)
  Josephine (D)
  4 great orbs of eyes (D)
  3 vault guards (D)
  7 spriggan air magi (D)
  An ice dragon (D)
  Erolcha (D)
  A hydra (D)
  13 catoblepae (D)
  An ogre mage (D)
  15 centaur warriors (D)
  A boulder beetle (D)
  A two-headed ogre (shapeshifter) (D)
  3 hell hogs (D)
  A tengu warrior (D)
  A vampire mage (D)
  An iron troll (D)
  5 sun demons (D)
  3 orc high priests (D)
  A soul eater (D)
  3 spriggan berserkers (D)
  24 fire crabs (D)
  3 spriggans (D)
  14 skeletal warriors (D)
  2 swamp dragons (D)
  3 bog bodies (D)
  5 spriggan druids (D)
  An orc knight (D)
  A wizard (D)
  A lindwurm (D)
  2 orc sorcerers (D)
  A shining eye (D)
  8 ugly things (D)
  8 moths of wrath (D)
  2 rust devils (D)
  6 eyes of devastation (D)
  2 orange demons (D)
  2 komodo dragons (D)
  4 efreet (D)
  2 yaktaurs (D)
  A tengu conjurer (D)
  2 ice devils (D)
  2 red devils (D)
  3 hornets (D)
  A bloated husk (D)
  A slime creature (D)
  A jumping spider (D)
  An air elemental (D)
  A wraith (D)
  21 neqoxecs (D)
  A fire elemental (D)
  6 golden eyes (D)
  Menkaure (D)
  2 acid dragons (D)
  A floating eye (shapeshifter) (D)
  A hell hound (D)
  3 floating eyes (D)
  2 swamp drakes (D)
  2 sky beasts (D)
  Pargi (D)
  5 ogres (D)
  4 necrophages (D)
  6 jellies (D)
  A lightning spire (D)
  5 mummies (D)
  An adder (D)
  2 river rats (D)
  An orc (D)
  A spectral bat (D)
  2 hobgoblins (D)
  A quokka (D)
  A rat (D)
385 creatures vanquished.

Vanquished Creatures (collateral kills)
  A centaur warrior (D)
1 creature vanquished.

Vanquished Creatures (others)
  10 fire vortices (D)
10 creatures vanquished.

Grand Total: 396 creatures vanquished

Notes
Turn   | Place    | Note
-------+----------+-------------------------------------------
     0 | D        | rocky1 the Demonspawn Earth Elementalist began the quest
                  | for the Orb.
     0 | D        | Reached XP level 1. HP: 13/13 MP: 3/3
     3 | D        | Found a stormy altar of Qazlal.
     4 | D        | Found an iron altar of Okawaru.
     4 | D        | Found a sacrificial altar of Ru.
     5 | D        | Found an opulent altar of Gozag.
     5 | D        | Round 1.
     6 | D        | Found an ornate altar of the Wu Jian Council.
     6 | D        | Found Esos's Identification Station.
     7 | D        | Found Qiudghela's Jewellery.
     7 | D        | Found Dokkolucs's Advanced Armour.
    18 | D        | Bought a coiled brass amulet for 45 gold pieces
    18 | D        | Identified the amulet "Oquguh" {Reflect rCorr SH+5} (You
                  | bought it in a shop in the Dungeon)
    18 | D        | Bought a translucent jade amulet for 45 gold pieces
    18 | D        | Identified the amulet of Qapparam {Spirit Dex+3} (You
                  | bought it in a shop in the Dungeon)
    18 | D        | Bought a bound bronze ring for 45 gold pieces
    18 | D        | Identified the ring "Utuipn" {Wiz +Blink rPois rC- Int+5}
                  | (You bought it in a shop in the Dungeon)
    18 | D        | Bought a sparkling diamond amulet for 45 gold pieces
    18 | D        | Identified the amulet "Joph" {Reflect Fragile rElec rC+
                  | SH+5} (You bought it in a shop in the Dungeon)
    35 | D        | Found a basalt altar of Yredelemnul.
    40 | D        | Reached skill level 1 in Fighting
    40 | D        | Gained mutation: You are partially covered in large bone
                  | plates. (SH +4) [demonic ancestry]
    40 | D        | Reached XP level 2. HP: 20/22 MP: 0/5
    40 | D        | Found a shimmering altar of Xom.
    41 | D        | Found a corrupted altar of Lugonu.
    41 | D        | Found a blossoming altar of Fedhas.
    41 | D        | Found Zathar's Premium Goods.
    41 | D        | Found Oseseuf's Weapon Rack.
    42 | D        | Found Sokafem's Miscellaneous Merchandise.
    42 | D        | Found Cyck's Basic Armour.
    45 | D        | Found a snail-covered altar of Cheibriados.
    46 | D        | Found a shadowy altar of Dithmenos.
    47 | D        | Found a bloodstained altar of Trog.
    48 | D        | Found Noture's Do-It-Yourself Clinic.
    49 | D        | Found Zuucs's Bottled Wisdom.
    49 | D        | Found Luciasud's Distillery.
    49 | D        | Found a radiant altar of Vehumet.
    49 | D        | Found a hide-covered altar of Uskayaw.
    49 | D        | Found Peug Goemp's Distillery.
    56 | D        | Found a shimmering blue altar of Sif Muna.
    58 | D        | Found a burning altar of Makhleb.
    59 | D        | Found Ynwanemmo's Staff Store.
    60 | D        | Found Velavvej's Must-Have Magic.
    60 | D        | Found Dadoumno's Magic Scroll Shop.
    64 | D        | Became a worshipper of Sif Muna the Loreminder
    65 | D        | Found an ancient bone altar of Kikubaaqudgha.
    65 | D        | Found Solaija's Magic Scroll Shop.
    88 | D        | Arena points: 5 (+5) [x1]
   103 | D        | Round 2.
   106 | D        | Noticed Pargi
   115 | D        | Reached skill level 1 in Invocations
   116 | D        | Killed Pargi
   116 | D        | Reached * piety under Sif Muna
   117 | D        | Reached skill level 5 in Earth Magic
   117 | D        | Gained mutation: You have sharp fingernails. [demonic
                  | ancestry]
   117 | D        | Reached XP level 3. HP: 29/29 MP: 2/8
   117 | D        | Reached XP level 4. HP: 35/35 MP: 2/10
   183 | D        | Reached ** piety under Sif Muna
   183 | D        | Arena points: 29 (+24) [x2]
   250 | D        | Round 3.
   255 | D        | Learned a level 3 spell: Stone Arrow
   265 | D        | Gained mutation: You regenerate magic rapidly. [demonic
                  | ancestry]
   265 | D        | Reached XP level 5. HP: 42/42 MP: 8/11
   351 | D        | Reached skill level 1 in Conjurations
   377 | D        | Noticed Menkaure
   379 | D        | Reached *** piety under Sif Muna
   383 | D        | Killed Menkaure
   384 | D        | Reached skill level 5 in Invocations
   384 | D        | Gained mutation: You are mostly covered in large bone
                  | plates. (SH +6) [demonic ancestry]
   384 | D        | Reached XP level 6. HP: 49/49 MP: 7/13
   406 | D        | Arena points: 92 (+63) [x3]
   442 | D        | Round 4.
   446 | D        | Noticed a sky beast
   452 | D        | Noticed a sky beast
   453 | D        | Killed a sky beast
   454 | D        | Reached skill level 5 in Fighting
   454 | D        | Reached skill level 5 in Dodging
   454 | D        | Reached skill level 5 in Spellcasting
   456 | D        | Noticed an air elemental
   457 | D        | Killed a sky beast
   457 | D        | Reached **** piety under Sif Muna
   458 | D        | Reached skill level 5 in Evocations
   460 | D        | Paralysed by an air elemental for 1 turns
   461 | D        | Killed an air elemental
   462 | D        | Reached XP level 7. HP: 25/57 MP: 6/15
   500 | D        | Arena points: 172 (+80) [x4]
   515 | D        | Round 5.
   529 | D        | Noticed a bloated husk
   531 | D        | Noticed the 27-headed Lernaean hydra
   534 | D        | Noticed an eleionoma
   541 | D        | Killed a bloated husk
   541 | D        | HP: 1/57 [spore (42)]
   569 | D        | Killed the 27-headed Lernaean hydra
   569 | D        | Arena points: 382 (+210) [x6]
   570 | D        | Reached skill level 10 in Earth Magic
   570 | D        | Reached skill level 10 in Invocations
   570 | D        | Gained mutation: You are partially covered in sharp spines.
                  | [demonic ancestry]
   570 | D        | Reached XP level 8. HP: 45/68 MP: 1/19
   570 | D        | Gained mutation: You are mostly covered in sharp spines.
                  | [demonic ancestry]
   570 | D        | Reached XP level 9. HP: 49/74 MP: 1/20
   572 | D        | Got a decaying rune of Zot
   574 | D        | Reached XP level 10. HP: 53/80 MP: 2/22
   579 | D        | Bought a shimmering brass ring for 45 gold pieces
   579 | D        | Identified the ring "Enodiniv" {Str+6 Int+3} (You bought it
                  | in a shop in the Dungeon)
   579 | D        | Bought a shimmering bronze ring for 45 gold pieces
   579 | D        | Identified the ring "Teqiqum" {rPois rC+++ Will+ Str-4
                  | Slay+5} (You bought it in a shop in the Dungeon)
   579 | D        | Bought a brightly glowing granite ring for 45 gold pieces
   579 | D        | Identified the ring of Ethics {Fly rN+ Str+2 Int-5} (You
                  | bought it in a shop in the Dungeon)
   587 | D        | Bought a wizard robe for 199 gold pieces
   587 | D        | Identified the +0 robe "Iditav" {Int+3} (You bought it in a
                  | shop in the Dungeon)
   623 | D        | Bought 4 potions of curing for 84 gold pieces
   623 | D        | Bought 3 potions of heal wounds for 105 gold pieces
   769 | D        | Round 6.
   774 | D        | Noticed a red ugly thing
   779 | D        | Noticed a green ugly thing
   780 | D        | Killed a red ugly thing
   780 | D        | Reached ***** piety under Sif Muna
   786 | D        | Killed a green ugly thing
   791 | D        | Noticed a purple ugly thing
   796 | D        | Killed a purple ugly thing
   836 | D        | Noticed a brown ugly thing
   836 | D        | Noticed a brown ugly thing
   840 | D        | Noticed a cyan ugly thing
   847 | D        | Killed a cyan ugly thing
   849 | D        | Killed a brown ugly thing
   850 | D        | Gained mutation: You have very sharp fingernails. [demonic
                  | ancestry]
   850 | D        | Reached XP level 11. HP: 69/89 MP: 8/23
   855 | D        | Killed a brown ugly thing
   855 | D        | Received a gift from Sif Muna
   861 | D        | Noticed a red ugly thing
   870 | D        | Killed a red ugly thing
   870 | D        | Arena points: 718 (+336) [x7]
   930 | D        | Round 7.
  1022 | D        | Noticed Erolcha
  1029 | D        | Killed Erolcha
  1029 | D        | Received a gift from Sif Muna
  1034 | D        | Noticed an ogre mage
  1037 | D        | Killed an ogre mage
  1037 | D        | Arena points: 1166 (+448) [x8]
  1055 | D        | Learned a level 6 spell: Iron Shot
  1105 | D        | Round 8.
  1138 | D        | Received a gift from Sif Muna
  1139 | D        | Got Sif Muna's Vellum of the Non-Euclidean Serac {god gift}
  1160 | D        | Reached skill level 10 in Fighting
  1167 | D        | Arena points: 1814 (+648) [x9]
  1185 | D        | Round 9.
  1190 | D        | Noticed a sun demon
  1197 | D        | Killed a sun demon
  1226 | D        | Noticed a sun demon
  1232 | D        | Killed a sun demon
  1235 | D        | Received a gift from Sif Muna
  1261 | D        | Reached skill level 10 in Evocations
  1271 | D        | Reached skill level 10 in Spellcasting
  1272 | D        | Reached skill level 10 in Dodging
  1297 | D        | Received a gift from Sif Muna
  1298 | D        | Reached skill level 10 in Conjurations
  1299 | D        | Reached ****** piety under Sif Muna
  1299 | D        | Arena points: 2804 (+990) [x10]
  1361 | D        | Learned a level 4 spell: Iskenderun's Mystic Blast
  1367 | D        | Round 10.
  1368 | D        | Learned a level 6 spell: Starburst
  1378 | D        | Noticed Arachne
  1396 | D        | Killed Arachne
  1396 | D        | Arena points: 4004 (+1200) [x12]
  1397 | D        | Gained mutation: When hurt, damage is shared between your
                  | health and your magic reserves. [demonic ancestry]
  1397 | D        | Reached XP level 12. HP: 32/97 MP: 2/26
  1399 | D        | Got a gossamer rune of Zot
  1409 | D        | Gained mutation: When low on magic, you restore magic in
                  | place of health. [demonic ancestry]
  1409 | D        | Reached XP level 13. HP: 39/103 MP: 7/28
  1600 | D        | Round 11.
  1616 | D        | Bought 4 potions of curing for 84 gold pieces
  1616 | D        | Bought 4 potions of curing for 84 gold pieces
  1616 | D        | Bought 3 potions of heal wounds for 105 gold pieces
  1616 | D        | Bought 3 potions of heal wounds for 105 gold pieces
  1619 | D        | Noticed a fire dragon
  1623 | D        | Killed a fire dragon
  1640 | D        | Received a gift from Sif Muna
  1647 | D        | Got Sif Muna's Parchment of the Gathering and the Catacomb
                  | {god gift}
  1656 | D        | Reached skill level 5 in Fire Magic
  1665 | D        | Reached skill level 15 in Earth Magic
  1676 | D        | Noticed Louise
  1717 | D        | Killed Louise
  1717 | D        | Received a gift from Sif Muna
  1720 | D        | Got Sif Muna's Excursus on Heavy Bad Luck {god gift}
  1765 | D        | Arena points: 5720 (+1716) [x13]
  1791 | D        | Round 12.
  1845 | D        | Noticed a ghoul
  1859 | D        | Killed a ghoul
  1861 | D        | Received a gift from Sif Muna
  1866 | D        | Got Sif Muna's Compilation of Imprecation and Haze {god
                  | gift}
  1879 | D        | Noticed a ghoul
  1888 | D        | Killed a ghoul
  1898 | D        | Noticed a ghoul
  1916 | D        | Killed a ghoul
  1916 | D        | Arena points: 7568 (+1848) [x14]
  1924 | D        | Bought 5 scrolls of blinking for 375 gold pieces
  1932 | D        | Bought a staff of earth for 750 gold pieces
  1945 | D        | Bought 6 potions of magic for 336 gold pieces
  1953 | D        | Bought 3 potions of heal wounds for 105 gold pieces
  1953 | D        | Bought 3 potions of heal wounds for 105 gold pieces
  1954 | D        | Bought 3 potions of experience for 900 gold pieces
  1954 | D        | Gained mutation: You have claws for hands. [demonic
                  | ancestry]
  1954 | D        | Reached XP level 14. HP: 56/110 MP: 30/32
  1955 | D        | Reached XP level 15. HP: 58/115 MP: 31/33
  1956 | D        | Reached skill level 15 in Spellcasting
  1956 | D        | Gained mutation: Your magical and physical power is
                  | slightly enhanced at high health. [demonic ancestry]
  1956 | D        | Reached XP level 16. HP: 62/122 MP: 31/35
  1971 | D        | Round 13.
  1975 | D        | Received a gift from Sif Muna
  1999 | D        | Noticed an ancient champion
  2000 | D        | Noticed Josephine
  2003 | D        | Killed Josephine
  2005 | D        | Noticed an ancient champion
  2011 | D        | Killed an ancient champion
  2016 | D        | Killed an ancient champion
  2024 | D        | Received a gift from Sif Muna
  2027 | D        | Arena points: 9518 (+1950) [x15]
  2042 | D        | Round 14.
  2061 | D        | Received a gift from Sif Muna
  2078 | D        | Arena points: 12206 (+2688) [x16]
  2101 | D        | Bought a fine cloak for 332 gold pieces
  2101 | D        | Identified the +1 cloak of Soykidin {Slay+5} (You bought it
                  | in a shop in the Dungeon)
  2101 | D        | Bought a faintly humming hat for 315 gold pieces
  2101 | D        | Identified the +1 hat of Huriega {Rampage rPois Regen+}
                  | (You bought it in a shop in the Dungeon)
  2101 | D        | Bought a pair of bloodstained boots for 332 gold pieces
  2101 | D        | Identified the +0 pair of boots "Baoqamue" {rCorr Str+2}
                  | (You bought it in a shop in the Dungeon)
  2114 | D        | Round 15.
  2115 | D        | Noticed Agnes
  2131 | D        | Bought 4 scrolls of blinking for 300 gold pieces
  2131 | D        | Bought 3 scrolls of blinking for 225 gold pieces
  2138 | D        | Killed Agnes
  2138 | D        | Arena points: 15176 (+2970) [x18]
  2142 | D        | Got a mossy rune of Zot
  2144 | D        | Reached XP level 17. HP: 89/128 MP: 41/41
  2159 | D        | Bought 2 potions of experience for 600 gold pieces
  2159 | D        | Reached XP level 18. HP: 98/134 MP: 41/43
  2160 | D        | Reached XP level 19. HP: 103/140 MP: 42/44
  2170 | D        | Bought 6 potions of brilliance for 168 gold pieces
  2365 | D        | Round 16.
  2389 | D        | Received a gift from Sif Muna
  2390 | D        | Got Sif Muna's Elucidation of Immolation and the Body {god
                  | gift}
  2526 | D        | Received a gift from Sif Muna
  2527 | D        | Got Sif Muna's Tome of the Tesseract {god gift}
  2532 | D        | Arena points: 15368 (+192) [x1]
  2547 | D        | Round 17.
  2572 | D        | Reached skill level 10 in Fire Magic
  2580 | D        | Noticed Margery
  2585 | D        | Killed Margery
  2586 | D        | Reached skill level 15 in Conjurations
  2660 | D        | Received a gift from Sif Muna
  2661 | D        | Got Boesoleff's Essays on the Mercurial Birds {god gift}
  2679 | D        | Arena points: 15776 (+408) [x2]
  2680 | D        | Gained mutation: You are completely covered in sharp
                  | spines. [demonic ancestry]
  2680 | D        | Reached XP level 20. HP: 110/147 MP: 13/45
  2693 | D        | Bought a flickering bone ring for 45 gold pieces
  2693 | D        | Identified the ring "Mohio" {Will+ Dex+2 Slay+4} (You
                  | bought it in a shop in the Dungeon)
  2693 | D        | Bought a fine turquoise ring for 45 gold pieces
  2693 | D        | Identified the ring "Lomiutu" {Fire rPois Int+2} (You
                  | bought it in a shop in the Dungeon)
  2693 | D        | Bought a crude turquoise ring for 45 gold pieces
  2693 | D        | Identified the ring "Zuraaff" {Fly Str+3 Int+3} (You bought
                  | it in a shop in the Dungeon)
  2693 | D        | Bought a wavering copper ring for 45 gold pieces
  2693 | D        | Identified the ring of Varevus {Contam rPois Int+6 Dex+3
                  | Slay+2} (You bought it in a shop in the Dungeon)
  2693 | D        | Bought a scintillating golden ring for 45 gold pieces
  2693 | D        | Identified the ring "Gunusa" {rC+ MP+9} (You bought it in a
                  | shop in the Dungeon)
  2693 | D        | Bought a flickering wooden ring for 45 gold pieces
  2693 | D        | Identified the ring "Culapixke" {*Corrode +Blink rPois
                  | Will+} (You bought it in a shop in the Dungeon)
  2693 | D        | Bought a sparkling lead ring for 45 gold pieces
  2693 | D        | Identified the ring "Egahyiso" {Str+3 Dex+6} (You bought it
                  | in a shop in the Dungeon)
  2693 | D        | Bought a heavily runed copper ring for 45 gold pieces
  2693 | D        | Identified the ring "Adyten" {MP+9 Str+2} (You bought it in
                  | a shop in the Dungeon)
  2693 | D        | Bought a twitching lead ring for 45 gold pieces
  2693 | D        | Identified the ring of Okawaru's Supremacy {Fire Slay+5}
                  | (You bought it in a shop in the Dungeon)
  2693 | D        | Bought a glittering copper ring for 45 gold pieces
  2693 | D        | Identified the ring "Tel Hyrph" {rElec rF+ Str+3} (You
                  | bought it in a shop in the Dungeon)
  2723 | D        | Round 18.
  2745 | D        | Received a gift from Sif Muna
  2748 | D        | Got Ocujus's Disquisition on Concussion {god gift}
  2781 | D        | Received a gift from Sif Muna
  2781 | D        | Arena points: 16586 (+810) [x3]
  2782 | D        | Got Sif Muna's Volume of Horrible Exhalation {god gift}
  2799 | D        | Round 19.
  2864 | D        | Received a gift from Sif Muna
  2865 | D        | Got Sif Muna's Tome of Bright Earth {god gift}
  2921 | D        | Reached skill level 15 in Fire Magic
  2924 | D        | Received a gift from Sif Muna
  2925 | D        | Got Sif Muna's Enchiridion on the Boggart and Damage {god
                  | gift}
  2929 | D        | Arena points: 17878 (+1292) [x4]
  2954 | D        | Bought 3 potions of heal wounds for 105 gold pieces
  2954 | D        | Bought 3 potions of heal wounds for 105 gold pieces
  2954 | D        | Bought 3 potions of heal wounds for 105 gold pieces
  2980 | D        | Round 20.
  2999 | D        | Noticed Mara
  3002 | D        | Arena points: 19438 (+1560) [x6]
  3005 | D        | Got a silver rune of Zot
  3006 | D        | Gained mutation: Your magical and physical power is
                  | enhanced at high health. [demonic ancestry]
  3006 | D        | Reached XP level 21. HP: 153/153 MP: 38/46
  3016 | D        | Bought 3 potions of experience for 900 gold pieces
  3016 | D        | Bought a potion of experience for 300 gold pieces
  3016 | D        | Bought a potion of experience for 300 gold pieces
  3016 | D        | Reached XP level 22. HP: 159/159 MP: 45/47
  3017 | D        | Reached XP level 23. HP: 165/165 MP: 45/48
  3018 | D        | Reached XP level 24. HP: 172/172 MP: 46/48
  3019 | D        | Reached XP level 25. HP: 177/177 MP: 47/48
  3020 | D        | Gained mutation: Your magical and physical power is greatly
                  | enhanced at high health. [demonic ancestry]
  3020 | D        | Reached XP level 26. HP: 184/184 MP: 47/48
  3042 | D        | Bought 5 scrolls of blinking for 375 gold pieces
  3044 | D        | Bought 3 scrolls of fog for 120 gold pieces
  3091 | D        | Learned a level 8 spell: Ignition
  3101 | D        | Learned a level 9 spell: Shatter
  3111 | D        | Learned a level 9 spell: Fire Storm
  3120 | D        | Learned a level 8 spell: Lehudib's Crystal Spear
  3182 | D        | Round 21.
  3222 | D        | Received a gift from Sif Muna
  3223 | D        | Got Sif Muna's Enchiridion on Bombardment and the Familiar
                  | {god gift}
  3264 | D        | Arena points: 22231 (+2793) [x7]
  3333 | D        | Round 22.
  3363 | D        | Received a gift from Sif Muna
  3368 | D        | Got Sif Muna's Folio of the Relocated Zephyr {god gift}
  3407 | D        | Arena points: 24695 (+2464) [x8]
  3472 | D        | Bought 5 scrolls of amnesia for 200 gold pieces
  3472 | D        | Bought 4 scrolls of blinking for 300 gold pieces
  3472 | D        | Bought 3 scrolls of blinking for 225 gold pieces
  3473 | D        | Bought 5 scrolls of fog for 200 gold pieces
  3479 | D        | Round 23.
  3486 | D        | Received a gift from Sif Muna
  3487 | D        | Got Sif Muna's Octavo of the Band and Confrontation {god
                  | gift}
  3544 | D        | Noticed Chuck
  3549 | D        | Killed Chuck
  3570 | D        | Received a gift from Sif Muna
  3573 | D        | Got Jasevud's Atlas of Arctic Gusts {god gift}
  3642 | D        | Arena points: 28835 (+4140) [x9]
  3652 | D        | Bought 4 potions of curing for 84 gold pieces
  3652 | D        | Bought 4 potions of curing for 84 gold pieces
  3652 | D        | Bought 3 potions of heal wounds for 105 gold pieces
  3652 | D        | Bought 3 potions of heal wounds for 105 gold pieces
  3652 | D        | Bought 3 potions of heal wounds for 105 gold pieces
  3652 | D        | Bought 3 potions of heal wounds for 105 gold pieces
  3660 | D        | Bought a potion of magic for 56 gold pieces
  3660 | D        | Bought 6 potions of magic for 336 gold pieces
  3660 | D        | Bought 6 potions of magic for 336 gold pieces
  3660 | D        | Bought 3 potions of mutation for 168 gold pieces
  3660 | D        | Bought 2 potions of mutation for 112 gold pieces
  3660 | D        | Bought a potion of mutation for 56 gold pieces
  3660 | D        | Bought 6 potions of brilliance for 168 gold pieces
  3660 | D        | Bought 6 potions of resistance for 420 gold pieces
  3669 | D        | Round 24.
  3676 | D        | Received a gift from Sif Muna
  3677 | D        | Received a gift from Sif Muna
  3682 | D        | Arena points: 32195 (+3360) [x10]
  3684 | D        | Got Sif Muna's Tractate on Power and the Mesa {god gift}
  3741 | D        | Round 25.
  3750 | D        | Noticed Dissolution
  3759 | D        | Killed Dissolution
  3759 | D        | Arena points: 36395 (+4200) [x12]
  3762 | D        | Got a slimy rune of Zot
  3763 | D        | Gained mutation: You are completely covered in large bone
                  | plates. (SH +8) [demonic ancestry]
  3763 | D        | Reached XP level 27. HP: 125/192 MP: 17/48
  3834 | D        | Bought 6 potions of resistance for 420 gold pieces
  3834 | D        | Bought 5 potions of haste for 350 gold pieces
  3834 | D        | Bought 4 potions of haste for 280 gold pieces
  3834 | D        | Bought 3 potions of haste for 210 gold pieces
  3836 | D        | Bought 2 potions of curing for 42 gold pieces
  3836 | D        | Bought 6 potions of magic for 336 gold pieces
  3836 | D        | Bought 3 potions of haste for 210 gold pieces
  3836 | D        | Bought 3 potions of mutation for 168 gold pieces
  3836 | D        | Bought 2 potions of mutation for 112 gold pieces
  3836 | D        | Bought a potion of mutation for 56 gold pieces
  3852 | D        | Bought a quad damage for 400 gold pieces
  3929 | D        | Round 26.
  3936 | D        | Received a gift from Sif Muna
  3944 | D        | Received a gift from Sif Muna
  3953 | D        | Arena points: 41803 (+5408) [x13]
  4015 | D        | Round 27.
  4038 | D        | Found the +4 dragonskin cloak
  4038 | D        | Noticed Tiamat
  4046 | D        | Killed Tiamat
  4049 | D        | Received a gift from Sif Muna
  4056 | D        | Noticed an ancient lich
  4061 | D        | Killed an ancient lich
  4062 | D        | Reached skill level 15 in Fighting
  4065 | D        | Reached skill level 15 in Dodging
  4068 | D        | Got Sif Muna's Guidebook on Violent Debased Liturgies {god
                  | gift}
  4094 | D        | Received a gift from Sif Muna
  4119 | D        | Noticed an orb of fire
  4120 | D        | Received a gift from Sif Muna
  4129 | D        | Killed an orb of fire
  4129 | D        | Arena points: 50119 (+8316) [x14]
  4137 | D        | Got Akaif's Information on the Tesseract and Conjuration
                  | {god gift}
  4150 | D        | Bought a fading leather armour for 245 gold pieces
  4150 | D        | Identified the +1 leather armour of Lifelessness {rC- rN+
                  | Str+3} (You bought it in a shop in the Dungeon)
  4150 | D        | Bought a heavily runed buckler for 332 gold pieces
  4150 | D        | Identified the +0 buckler of Existentialism {Int+3 Stlth+}
                  | (You bought it in a shop in the Dungeon)
  4150 | D        | Bought a bloodstained robe for 199 gold pieces
  4150 | D        | Identified the +2 robe of Hospitality {rN+ Will+ Str+2
                  | Int+5} (You bought it in a shop in the Dungeon)
  4150 | D        | Bought a brightly glowing animal skin for 185 gold pieces
  4150 | D        | Identified the +2 animal skin of Honour {Dex+3} (You bought
                  | it in a shop in the Dungeon)
  4150 | D        | Bought a slimy cloak for 332 gold pieces
  4150 | D        | Identified the +3 cloak of Weightlessness {Harm rC+} (You
                  | bought it in a shop in the Dungeon)
  4150 | D        | Bought a masterwork kite shield for 332 gold pieces
  4150 | D        | Identified the -1 kite shield of Cuter {+Inv rN+ rCorr}
                  | (You bought it in a shop in the Dungeon)
  4150 | D        | Bought a jewelled buckler for 332 gold pieces
  4150 | D        | Identified the +1 buckler of Inevitability {MP+9 Str+2
                  | Dex-5} (You bought it in a shop in the Dungeon)
  4150 | D        | Bought a pair of steaming boots for 332 gold pieces
  4150 | D        | Identified the +2 pair of boots "Golin" {Rampage rPois
                  | Str-3 Dex-4} (You bought it in a shop in the Dungeon)
  4152 | D        | Bought a jewelled helmet for 332 gold pieces
  4152 | D        | Identified the +0 helmet "Tinoal" {Dex+2} (You bought it in
                  | a shop in the Dungeon)
  4319 | D        | Round 28.
  4374 | D        | Received a gift from Sif Muna
  4376 | D        | Got Sif Muna's Quarto of Blazing Power {god gift}
  4381 | D        | Reached skill level 5 in Shields
  4396 | D        | HP: 9/219 [Brimstone Fiend/damnation (29)]
  4415 | D        | Received a gift from Sif Muna
  4443 | D        | Arena points: 56839 (+6720) [x15]
  4450 | D        | Got Sif Muna's Discursus on the Gathered Sun {god gift}
  4510 | D        | Round 29.
  4532 | D        | Received a gift from Sif Muna
  4533 | D        | Got Xouxy's Octavo of Hindering Earth {god gift}
  4592 | D        | Received a gift from Sif Muna
  4593 | D        | Reached skill level 10 in Shields
  4614 | D        | Received a gift from Sif Muna
  4617 | D        | Arena points: 67047 (+10208) [x16]
  4675 | D        | Round 30.
  4681 | D        | Bought a scroll of identify for 40 gold pieces
  4681 | D        | Bought 5 potions of heal wounds for 500 gold pieces
  4681 | D        | Bought 5 potions of heal wounds for 500 gold pieces
  4681 | D        | Bought a quad damage for 400 gold pieces
  4681 | D        | Bought a quad damage for 400 gold pieces
  4683 | D        | Bought a potion of curing for 45 gold pieces
  4683 | D        | Bought a potion of curing for 45 gold pieces
  4702 | D        | Found the +6 sword of Cerebov {flame}
  4702 | D        | Noticed Cerebov
  4716 | D        | HP: 6/226 [Cerebov/great blast of fire (28)]
  4722 | D        | HP: 4/226 [Cerebov/the +6 sword of Cerebov {flame} (7)]
  4726 | D        | Killed Cerebov
  4726 | D        | Arena points: 75687 (+8640) [x18]
  4727 | D        | Got a fiery rune of Zot
  4904 | D        | Learned a level 2 spell: Blink
  4914 | D        | Learned a level 9 spell: Dragon's Call
  4923 | D        | Learned a level 8 spell: Maxwell's Capacitive Coupling
  4937 | D        | Round 31.
  4965 | D        | Received a gift from Sif Muna
  4966 | D        | Got Sif Muna's Tractate on Ignition and Orientation {god
                  | gift}
  4981 | D        | Noticed an ancient lich
  4987 | D        | Killed an ancient lich
  4992 | D        | Received a gift from Sif Muna
  4993 | D        | Got Sif Muna's Teachings on Therianthropy and the Assassin
                  | {god gift}
  5037 | D        | Arena points: 86289 (+10602) [x19]
  5082 | D        | Bought 5 potions of haste for 1000 gold pieces
  5082 | D        | Bought 5 potions of haste for 1000 gold pieces
  5093 | D        | Bought a faintly glowing tower shield for 332 gold pieces
  5093 | D        | Identified the +0 tower shield of Lesser Demons {Drain
                  | rF++} (You bought it in a shop in the Dungeon)
  5093 | D        | Reached skill level 27 in Spellcasting
  5115 | D        | Round 32.
  5121 | D        | Reached skill level 27 in Earth Magic
  5131 | D        | Gained mutation: You occasionally lose the ability to read
                  | scrolls when taking damage. [a neqoxec]
  5142 | D        | Received a gift from Sif Muna
  5173 | D        | Received a gift from Sif Muna
  5174 | D        | Got Sif Muna's Book of Frost and Impulse {god gift}
  5222 | D        | Received a gift from Sif Muna
  5223 | D        | Gained mutation: You occasionally shout uncontrollably at
                  | your foes. [a neqoxec]
  5224 | D        | Arena points: 100369 (+14080) [x20]
  5257 | D        | Lost mutation: You occasionally lose the ability to read
                  | scrolls when taking damage. [potion of mutation]
  5257 | D        | Lost mutation: You occasionally shout uncontrollably at
                  | your foes. [potion of mutation]
  5257 | D        | Gained mutation: You are dopey. (Int -2) [potion of
                  | mutation]
  5257 | D        | Gained mutation: You are weak. (Str -2) [potion of
                  | mutation]
  5258 | D        | Lost mutation: You are weak. (Str -2) [potion of mutation]
  5258 | D        | Lost mutation: You are dopey. (Int -2) [potion of mutation]
  5258 | D        | Gained mutation: Your skin changes colour to match your
                  | surroundings (Stealth+). [potion of mutation]
  5258 | D        | Gained mutation: You are strong-willed. (Will+) [potion of
                  | mutation]
  5276 | D        | Bought a book of Displacement for 154 gold pieces
  5276 | D        | Bought a book of the Sky for 308 gold pieces
  5276 | D        | Bought a book of Death for 308 gold pieces
  5294 | D        | Round 33.
  5297 | D        | Noticed Khufu
  5305 | D        | Killed Khufu
  5305 | D        | Identified the +0 tower shield of Lightning Storm {Fly
                  | rCorr Int+5 SInv} (You found it in the Dungeon)
  5305 | D        | Arena points: 112711 (+12342) [x22]
  5306 | D        | Reached skill level 5 in Air Magic
  5308 | D        | Got a golden rune of Zot
  5367 | D        | Bought a staff of air for 750 gold pieces
  5367 | D        | Bought a staff of fire for 750 gold pieces
  5509 | D        | Round 34.
  5521 | D        | Reached skill level 1 in Summonings
  5544 | D        | Received a gift from Sif Muna
  5558 | D        | Reached skill level 1 in Staves
  5596 | D        | Received a gift from Sif Muna
  5600 | D        | Reached skill level 5 in Summonings
  5600 | D        | Reached skill level 15 in Invocations
  5627 | D        | Received a gift from Sif Muna
  5630 | D        | Reached skill level 5 in Staves
  5637 | D        | Arena points: 130697 (+17986) [x23]
  5646 | D        | Got Sif Muna's Volume of the Summer and the Shift {god
                  | gift}
  5687 | D        | Round 35.
  5689 | D        | Received a gift from Sif Muna
  5690 | D        | Reached skill level 10 in Air Magic
  5690 | D        | Received a gift from Sif Muna
  5697 | D        | Received a gift from Sif Muna
  5700 | D        | Arena points: 145817 (+15120) [x24]
  5765 | D        | Round 36.
  5779 | D        | Noticed Ereshkigal
  5798 | D        | Reached skill level 15 in Shields
  5801 | D        | Killed Ereshkigal
  5801 | D        | Identified the +5 helmet "Leurghin" {Int+4} (You found it
                  | in the Dungeon)
  5801 | D        | Arena points: 162665 (+16848) [x26]
  5804 | D        | Got a bone rune of Zot
  6022 | D        | Round 37.
  6030 | D        | Received a gift from Sif Muna
  6031 | D        | Reached skill level 10 in Summonings
  6059 | D        | Received a gift from Sif Muna
  6060 | D        | Got Sif Muna's Anthology of Curses {god gift}
  6093 | D        | Reached skill level 15 in Evocations
  6095 | D        | Reached skill level 10 in Staves
  6137 | D        | HP: 10/231 [spriggan air mage/the air (19)]
  6143 | D        | HP: 10/231 [electric golem (3)]
  6143 | D        | HP: 2/231 [spriggan air mage/the air (8)]
  6143 | D        | Mangled by an electric golem

Illustrated notes

Levels and vault maps discovered:
D:        arena_sprint

Skill      XL: |  1  2  3  4  5  6  7  8  9 10 11 12 13 14 15 16 17 18 19 20 21 22 23 24 25 26 27 |
---------------+----------------------------------------------------------------------------------+-----
Dodging        | 2 3 4 5 7 8 10 20 | 20.7
Fighting       | 1 3 4 5 8 9 10 22 | 22.0
Earth Magic    | 3 5 6 8 10 11 12 14 16 17 20 21 26 27 | 27.0
Spellcasting   | 4 5 7 8 10 11 14 15 20 21 27 | 27.0
Invocations    | 3 4 5 7 10 11 13 19 | 19.6
Evocations     | 2 3 4 5 7 8 10 15 | 15.3
Conjurations   | 2 4 7 8 10 13 15 20 22 | 22.3
Fire Magic     | 3 8 11 15 16 22 24 | 24.5
Shields        | 16 | 16.4
Air Magic      | 12 | 12.9
Summonings     | 11 | 11.8
Staves         | 10 | 10.3
Stealth        | |  1.7
Transmutations | |  0.8

Action                     |  1- 3 |  4- 6 |  7- 9 | 10-12 | 13-15 | 16-18 | 19-21 | 22-24 | 25-27 || total
---------------------------+-------+-------+-------+-------+-------+-------+-------+-------+-------++-------
  Melee: Staff             |       |       |       |       |       |       |       |       |    46 ||    46
   Cast: Sandblast         |    10 |    32 |     7 |       |       |       |       |       |       ||    49
         Stone Arrow       |       |       |    12 |    79 |       |       |       |       |     1 ||    92
         Iron Shot         |       |       |       |    15 |    63 |    44 |    87 |       |   145 ||   354
         Lehudib's Crystal |       |       |       |       |       |       |       |       |    44 ||    44
         Ignition          |       |       |       |       |       |       |       |       |     6 ||     6
         Shatter           |       |       |       |       |       |       |       |       |   105 ||   105
         Fire Storm        |       |       |       |       |       |       |       |       |    15 ||    15
 Invoke: Channel Magic     |       |       |     1 |     6 |     9 |     7 |     7 |       |    32 ||    62
Ability: Evoke Blink       |       |       |       |     2 |     5 |       |       |       |     2 ||     9
  Evoke: Wand              |     3 |       |       |       |       |     2 |       |       |       ||     5
    Use: Scroll            |     2 |       |     2 |       |       |     6 |     5 |       |    19 ||    34
         Potion            |       |       |     4 |     3 |     8 |    10 |    15 |     3 |    28 ||    71
 Armour: Robe              |       |       |       |     1 |       |       |     1 |       |    13 ||    15
  Dodge: Dodged            |     1 |    10 |     1 |     5 |    11 |     4 |    13 |       |    82 ||   127
  Block: Other             |     1 |     5 |       |     9 |    12 |     6 |     4 |       |    23 ||    60
         Reflection        |       |       |       |     1 |     4 |       |       |       |    14 ||    19
         Kite shield       |       |       |       |       |       |       |       |       |    52 ||    52

Table legend: (Time is in decaauts)
 A = Elapsed time spent in this place.
 B = Non-inter-level travel time spent in this place.
 C = Inter-level travel time spent in this place.
 D = Time resting spent in this place.
 E = Time spent auto-exploring this place.
 F = Levels seen in this place.
 G = Mean time per level.
                   A        B        C        D        E       F      G
               +--------+--------+--------+--------+--------+-----+--------+
         Total |   6094 |   6085 |      9 |   2609 |     89 |   1 | 6094.0 |
       Dungeon |   6094 |   6085 |      9 |   2609 |     89 |   1 | 6094.0 |
               +--------+--------+--------+--------+--------+-----+--------+

Top non-repeatable levels by time:
       D: 6094 daAuts
